 Dungeon Crawl Stone Soup version 0.28.0-49-g6dfe1f597d (webtiles) character file.

Game seed: 17761940994701115428

888 Atelerd the Magician (level 8, -1/46 HPs)
             Began as an Octopode Earth Elementalist on May 12, 2022.
             Slain by Dowan
             ... wielding a +0 dagger
              (4 damage)
             ... on level 4 of the Dungeon.
             The game lasted 00:10:03 (6392 turns).

Atelerd the Magician (Octopode Earth Elementalist)  Turns: 6392, Time: 00:10:04

Health: -1/46      AC:  1    Str:  7    XL:     8   Next: 6%
Magic:  5/16       EV: 13    Int: 21    God:
Gold:   63         SH:  0    Dex: 13    Spells: 10/18 levels left

rFire   . . .      SeeInvis .   f - +9 mace "Cibrek" {venom, *Rage rElec rC+ Int+2}
rCold   + . .      Faith    .   (no shield)
rNeg    . . .      Spirit   .   (helmet restricted)
rPois   .          Reflect  .   (no amulet)
rElec   +          Harm     .   (no ring)
rCorr   .          Rampage  .   (no ring)
Will    +....      Rage     21% (no ring)
Stlth   ++++......              (no ring)
HPRegen 0.15/turn               (no ring)
MPRegen 0.15/turn               (no ring)
                                (no ring)
                                (no ring)

@: on berserk cooldown, very slightly contaminated, slowed, very slow
A: almost no armour, amphibious, 8 rings, camouflage 1, gelatinous body 1,
(nimble swimmer 1), tentacles, tentacle spike 1, berserk 1, strong-willed 1
a: no special abilities


You were on level 4 of the Dungeon.
You visited 1 branch of the dungeon, and saw 4 of its levels.

You collected 117 gold pieces.
You spent 54 gold pieces at shops.

Inventory:

Hand Weapons
 b - a +0 war axe
 f - the +9 mace "Cibrek" (weapon) {venom, *Rage rElec rC+ Int+2}
   (You found it on level 3 of the Dungeon)

   It poisons the flesh of those it strikes.
   Int:       It affects your intelligence (+2).
   rC:        It protects you from cold.
   rElec:     It insulates you from electricity.
   *Rage:     It berserks you when you make melee attacks (+20% chance).
 i - a +0 dagger
 k - a +0 short sword of draining
 p - the +6 falchion "Dragon's Tongue" {flame, Dex+5}
   (You found it on level 4 of the Dungeon)

   It burns those it strikes, dealing additional fire damage.
   Big, fiery blades are also staple armaments of hydra-hunters.
   Dex:       It affects your dexterity (+5).
Magical Staves
 g - a staff of cold
Jewellery
 n - a ring of flight
Wands
 h - a wand of digging (5)
Scrolls
 c - a scroll of magic mapping {unknown}
 e - 2 scrolls of noise {unknown}
 j - a scroll of immolation {unknown}
 m - a scroll of enchant armour {unknown}
 o - a scroll of holy word {unknown}
Potions
 a - 3 potions of curing
 d - a potion of lignification
 l - a potion of might {unknown}


   Skills:
 - Level 2.0 Short Blades
 - Level 2.0 Dodging
 - Level 5.0 Stealth
 + Level 5.5 Spellcasting
 - Level 4.0 Transmutations
 - Level 5.0 Earth Magic


You had 10 spell levels left.
You knew the following spells:

 Your Spells              Type           Power      Damage    Failure   Level
a - Sandblast             Erth           52%        2d12      1%          1
b - Stone Arrow           Conj/Erth      32%        3d9       11%         3
p - Petrify               Tmut/Erth      24%        N/A       16%         4

Your spell library contained the following spells:

 Spells                   Type           Power      Damage    Failure   Level
 Passwall                 Tmut/Erth      20%        N/A       2%          2
 Summon Forest            Summ/Tloc      2%         N/A       96%         5
 Summon Mana Viper        Hex/Summ       5%         N/A       96%         5
 Summon Cactus Giant      Summ           2%         N/A       100%        6


Dungeon Overview and Level Annotations

Branches:
Dungeon (4/15)
 Temple: D:4-7

Altars:

Shops:
D:2 (   D:3 *

Annotations:
D:2 exclusion: downstairs
D:4 Dowan


Innate Abilities, Weirdness & Mutations

You cannot wear most types of armour.
You are amphibious.
You can wear up to eight rings at the same time.
Your skin changes colour to match your surroundings (Stealth+).
Your rubbery body absorbs attacks. (AC +1, EV +1)
((You are camouflaged when in or above water. (Stealth+)))
You have tentacles for arms and can constrict up to eight enemies at once.
One of your tentacles bears a spike.
You tend to lose your temper in combat.
You are strong-willed. (Will+)


Message History

You barely miss Dowan. Your grab misses Dowan.
Your tentacle spike misses Dowan.
Dowan hits you with a +0 dagger. x3
Unknown command.
Casting: Petrify (quite dangerous; 16% risk of failure)
Confirm with . or Enter, or press ? or * to list all spells.
The spell is quite dangerous to miscast (16% risk of failure)!
Continue anyway?
Aiming: Petrify (quite dangerous; 16% risk of failure)
Press: ? - help, Shift-Dir - straight line, f - Dowan
Aim: Dowan, wielding a +0 dagger and wearing a +0 robe (fast, chance to affect: 55%)
You miscast Petrify.
You are very lightly contaminated with residual magic.
Nothing appears to happen.
Dowan hits you with a +0 dagger. x2
Dowan gestures at you while chanting. The stone arrow misses you.
Casting: Petrify (quite dangerous; 16% risk of failure)
Confirm with . or Enter, or press ? or * to list all spells.
The spell is quite dangerous to miscast (16% risk of failure)!
Continue anyway?
Aiming: Petrify (quite dangerous; 16% risk of failure)
Press: ? - help, Shift-Dir - straight line, f/p - Dowan
Aim: Dowan, wielding a +0 dagger and wearing a +0 robe (fast, chance to affect: 55%) Dowan is moving more slowly.
Dowan hits you with a +0 dagger. Dowan completely misses you.
Unknown command.
Unknown command.
You catch the helpless Dowan completely off-guard!
You sock Dowan!
Dowan is poisoned.
You grab Dowan. You squeeze Dowan.
Dowan is heavily wounded.
You constrict Dowan. Dowan barely misses you. Dowan closely misses you.
Dowan hits you with a +0 dagger.
* * * LOW HITPOINT WARNING * * *
Unknown command.
You sock Dowan!
Dowan looks as sick as possible!
You squeeze Dowan, but do no damage.
Dowan is almost dead.
You constrict Dowan. Dowan hits you with a +0 dagger.
* * * LOW HITPOINT WARNING * * *
Dowan hits you with a +0 dagger.
* * * LOW HITPOINT WARNING * * *
Dowan hits you with a +0 dagger.
You die...

...##..................
#..........#.#......#.#
#............<#...#.....
#.#........>#.#.....##.#
...........?#.#...####.#
#.................# ...
#.....)...##.#..###.##
###...e.....#.........#
.......@........).....#
###...................#
#.###.......#......## #
#.###.#.#...##.#
............##.#
.(..##.#......#.#
##...............
#..##..#..##.#..
.......#..# .#.##


You could see Dowan (fast, petrifying, extremely poisoned).

Vanquished Creatures
  Grinder (D:3)
  Sigmund (D:2)
  Duvessa (D:4)
  A scorpion (D:4)
  A bullfrog zombie (D:3)
  A hound (D:4)
  2 jellies (D:3)
  Crazy Yiuf (D:3)
  Jessica (D:2)
  An iguana (D:4)
  6 adders
  3 gnolls (D:3)
  3 worms
  A dart slug (D:1)
  4 orcs
  11 endoplasms
  2 giant cockroaches
  4 goblins
  5 hobgoblins
  4 jackals
  3 quokkas
  6 ball pythons
  7 bats
  2 frilled lizards
  7 kobolds (D:3)
  6 rats
85 creatures vanquished.

Vanquished Creatures (others)
  3 fungi (D:3)
  16 plants (D:2)
  10 toadstools (D:3)
29 creatures vanquished.

Grand Total: 114 creatures vanquished

Notes
Turn   | Place    | Note
-------+----------+-------------------------------------------
     0 | D:1      | Atelerd the Octopode Earth Elementalist began the quest for
                  | the Orb.
     0 | D:1      | Reached XP level 1. HP: 11/11 MP: 3/3
   495 | D:1      | Reached XP level 2. HP: 17/17 MP: 3/5
  1072 | D:1      | Found a faded altar of an unknown god.
  1267 | D:2      | Reached XP level 3. HP: 19/21 MP: 3/6
  1321 | D:2      | Found Locig's Weapon Shop.
  1442 | D:2      | Noticed Jessica
  1442 | D:2      | Noticed Sigmund
  2324 | D:2      | Reached XP level 4. HP: 21/27 MP: 8/8
  2354 | D:2      | Learned a level 4 spell: Petrify
  2983 | D:2      | Learned a level 3 spell: Stone Arrow
  3098 | D:2      | Killed Sigmund
  3099 | D:2      | Reached XP level 5. HP: 23/31 MP: 6/10
  3194 | D:2      | Killed Jessica
  3195 | D:2      | Reached skill level 5 in Earth Magic
  3195 | D:2      | Reached XP level 6. HP: 36/36 MP: 10/12
  3223 | D:2      | You fall into a shaft and drop 2 floors!
  3319 | D:4      | Reached skill level 1 in Short Blades
  3736 | D:3      | Noticed Grinder
  4433 | D:3      | Identified the +9 mace "Cibrek" {venom, *Rage rElec rC+
                  | Int+2}
  4436 | D:3      | Found a runed translucent door.
  4437 | D:3      | Noticed Crazy Yiuf
  4595 | D:3      | Reached XP level 7. HP: 41/41 MP: 8/13
  4765 | D:3      | Reached skill level 5 in Stealth
  5071 | D:3      | Found Gysir's Assorted Antiques.
  5078 | D:3      | Bought a scroll labelled FAPNUATR VIUJ for 27 gold pieces
  5078 | D:3      | Bought a scroll labelled NEKUIHUIPO for 27 gold pieces
  5370 | D:3      | Paralysed by Grinder for 2 turns
  5415 | D:3      | Paralysed by Grinder for 2 turns
  5422 | D:3      | Gained mutation: You are strong-willed. (Will+) [potion of
                  | mutation]
  5422 | D:3      | Gained mutation: You tend to lose your temper in combat.
                  | [potion of mutation]
  5422 | D:3      | Gained mutation: One of your tentacles bears a spike.
                  | [potion of mutation]
  5431 | D:3      | Killed Grinder
  5432 | D:3      | Reached skill level 5 in Spellcasting
  5834 | D:3      | Killed Crazy Yiuf
  6300 | D:4      | Identified the +6 falchion "Dragon's Tongue" {flame, Dex+5}
  6373 | D:4      | Noticed Duvessa
  6376 | D:4      | Noticed Dowan
  6383 | D:4      | Killed Duvessa
  6384 | D:4      | Reached XP level 8. HP: 46/46 MP: 11/16
  6392 | D:4      | Slain by Dowan

Illustrated notes

Levels and vault maps discovered:
D:1:      minmay_arrival_stair_chambers, layout_loops_ring,
          dreamdust_ecumenical_altar_hidden_monk_grotto
D:2:      wad_lake_hut, layout_basic, serial_shops, nicolae_shop_behind_doors,
          serial_park_tiny_pond, uniq_jessica, uniq_sigmund
D:3:      cheibrodos_fertilizer, layout_basic, serial_shops, shop, uniq_grinder,
          uniq_crazy_yiuf_cottage
D:4:      layout_basic, uniq_duvessa

Skill      XL: |  1  2  3  4  5  6  7 |
---------------+----------------------+-----
Transmutations | 2 4 |  4.0
Spellcasting   | 3 4 5 |  5.5
Earth Magic    | 4 5 |  5.0
Stealth        | 4 5 |  5.0
Short Blades   | 1 2 |  2.0
Dodging        | |  2.0

Action                   |  1- 3 |  4- 6 |  7- 9 || total
-------------------------+-------+-------+-------++-------
Melee: Unarmed           |    38 |       |       ||    38
       Constrict         |    10 |    17 |    11 ||    38
       Tentacles         |     5 |    19 |    22 ||    46
       Punch             |     1 |     2 |     2 ||     5
       War axe           |       |    13 |       ||    13
       Staff             |       |     5 |       ||     5
       Dagger            |       |    51 |    70 ||   121
       Mace              |       |       |    16 ||    16
       Kick              |       |       |     8 ||     8
 Cast: Sandblast         |    40 |     5 |     3 ||    48
       Petrify           |       |     4 |     6 ||    10
       Stone Arrow       |       |     3 |     6 ||     9
  Use: Scroll            |       |     2 |       ||     2
       Potion            |       |     1 |     3 ||     4
 Stab: Sleeping          |     3 |     5 |     5 ||    13
       Petrified         |       |    17 |     4 ||    21
       Petrifying        |       |       |     1 ||     1
Armor: Skin              |    12 |     6 |    11 ||    29
Dodge: Dodged            |    46 |    50 |    30 ||   126
